 Dungeon Crawl Stone Soup version 0.32-a0-834-geaf45d8e21 (webtiles) character file.

Game seed: 17424751993841408408

508 Fodor the Chopper (level 6, -2/55 HPs)
             Began as a Minotaur Fighter on Mar 25, 2024.
             Slain by a lemure (4 damage)
             ... led by Pikel
             ... on level 6 of the Dungeon.
             The game lasted 00:08:22 (2618 turns).

Fodor the Chopper (Minotaur Fighter)                Turns: 2618, Time: 00:08:23

Health: -2/55      AC: 10    Str: 23    XL:     6   Next: 98%
Magic:  5/5        EV:  6    Int:  5    God:
Gold:   141        SH:  8    Dex:  9    Spells: 5/5 levels left

rFire   . . .        a - +0 war axe
rCold   . . .        c - +0 kite shield
rNeg    + . .        q - +0 chain mail
rPois   .            (helmet restricted)
rElec   .            (no cloak)
rCorr   .            (no gloves)
SInv    .            (no boots)
Will    .....        (no amulet) Stlth
                     k - ring of positive energy
HPRegen 0.29/turn    (no ring)
MPRegen 0.09/turn

%: no passive effects
@: no status effects
A: horns 2, retaliatory headbutt
a: no special abilities


You were on level 6 of the Dungeon.
You visited 1 branch of the dungeon, and saw 5 of its levels.

You collected 141 gold pieces.

Inventory:

Hand Weapons
 a - a +0 war axe (weapon)
Armour
 c - a +0 kite shield (worn)
 q - a +0 chain mail (worn)
Jewellery
 k - a ring of positive energy (left hand)
 n - a ring of protection from cold
Wands
 j - a wand of flame (9)
Scrolls
 b - 2 scrolls of revelation {unknown}
 e - a scroll of identify {unknown}
 f - a scroll of vulnerability {unknown}
 g - 3 scrolls of teleportation {unknown}
 h - a scroll of noise {unknown}
 i - 2 scrolls of poison {unknown}
 l - 3 scrolls of enchant weapon {unknown}
 p - a scroll of blinking {unknown}
Potions
 d - a potion of might
 m - a potion of degeneration {unknown}
 o - 3 potions of cancellation {unknown}
 r - a potion of enlightenment {unknown}
 s - 2 potions of resistance {unknown}


   Skills:
 + Level 4.9 Fighting
 + Level 6.0 Axes
 + Level 5.5 Armour
 + Level 1.4 Dodging
 + Level 0.3 Stealth
 + Level 5.0 Shields


You had 5 spell levels left.
You didn't know any spells.
Your spell library contained the following spells:

 Spells                   Type           Power      Damage    Failure   Level
 Kiss of Death            Conj/Necr      0%         2d5       99%         1
 Confusing Touch          Hex            0%         N/A       100%        3
 Dispel Undead            Necr           0%         3d6       100%        4
 Ignite Poison            Fire/Alch      0%         N/A       100%        4
 Sticky Flame             Fire/Alch      0%         2d4       100%        4
 Summon Forest            Summ/Tloc      0%         N/A       100%        5
 Eringya's Noxious Bog    Alch           0%         4d6       100%        6
 Summon Hydra             Summ           0%         N/A       100%        7
 Ignition                 Fire           0%         3d3       100%        8


Dungeon Overview and Level Annotations

Branches:
Dungeon (4/15)
 Temple: D:4-7

Altars:
Makhleb

Shops:
D:1 *==[?

Portals:
Abyss: D:4

Annotations:
D:4 3 runed translucent doors, runemasterragnar's ghost, novice CoHu
D:6 Pikel


Innate Abilities, Weirdness & Mutations

You have a pair of horns on your head.
You reflexively headbutt those who attack you in melee.


Message History

You hit the kobold brigand.
The kobold brigand is moderately wounded.
You slash the lemure! You barely miss the lemure.
You hit the lemure but do no damage. The lemure barely misses you.
You block the lemure's attack.
Pikel says, "You'll make a fine lemure."
You block the kobold brigand's attack. You block the lemure's attack.
The lemure barely misses you. The lemure hits you but does no damage.
You closely miss the kobold brigand.
The kobold brigand is moderately wounded.
You closely miss the lemure. x2; You hit the lemure.
The kobold brigand hits you but does no damage.
The lemure hits you but does no damage. The lemure hits you.
* * * LOW HITPOINT WARNING * * *
The lemure barely misses you. The kobold brigand barely misses you.
You slash the kobold brigand!
Your headbutt misses the kobold brigand.
The kobold brigand is severely wounded.
You hit the lemure. x2; You closely miss the lemure.
The lemure hits you but does no damage. x3
The kobold brigand barely misses you. The lemure hits you but does no damage.
You barely miss the kobold brigand.
The kobold brigand is severely wounded.
You closely miss the lemure. You miss the lemure. You hit the lemure.
The lemure closely misses you. You block the lemure's attack.
Pikel cracks his whip.
The kobold brigand hits you with a +0 short sword.
* * * LOW HITPOINT WARNING * * *
The lemure hits you but does no damage. x2
You closely miss the kobold brigand.
Your headbutt misses the kobold brigand.
The kobold brigand is severely wounded.
You hit the lemure. You closely miss the lemure. You slash the lemure!
You kill the lemure!
That felt strangely unrewarding.
The lemure hits you.
* * * LOW HITPOINT WARNING * * *
The kobold brigand closely misses you. You furiously retaliate!
You headbutt the kobold brigand. The lemure barely misses you.
The lemure hits you.
You die...

#########
#.......#####
#.......#...#
#......K5...#
#.....5.###K#
##+#....5.#K####
#...K..#.@..#
#...)..#K55.#
#).....#....#
#.)....#....#
#......###+##
##......#
#......#
+......+
#......#


You could see Pikel, a kobold brigand, 2 lemures and a kobold.

Vanquished Creatures
  Sigmund (D:4)
  A lemure (D:6)
  A phantom (D:6)
  A howler monkey (D:4)
  2 orc priests
  4 gnolls (D:2)
  3 adders
  5 ribbon worms
  2 dart slugs
  8 orcs
  9 ball pythons
  6 bats
  8 endoplasms
  7 giant cockroaches
  4 goblins
  5 hobgoblins
  8 jackals (D:1)
  7 kobolds
  2 quokkas
  2 frilled lizards (D:2)
  6 rats
92 creatures vanquished.

Notes
Turn   | Place    | Note
-------+----------+-------------------------------------------
     0 | D:1      | Fodor the Minotaur Fighter began the quest for the Orb.
     0 | D:1      | Reached XP level 1. HP: 19/19 MP: 0/0
    89 | D:1      | Found a faded altar of an unknown god.
    92 | D:1      | Reached XP level 2. HP: 27/27 MP: 1/1
   121 | D:1      | Found Goqev's Jewellery Shop.
   149 | D:1      | Found Kicy's Jewellery Boutique.
   322 | D:1      | Reached XP level 3. HP: 33/33 MP: 2/2
   334 | D:1      | Found Ijefuyja's General Store.
   369 | D:1      | Found Aboheas's Armour Boutique.
   393 | D:1      | Found Paraodeh's Magic Scroll Emporium.
   741 | D:2      | Reached skill level 3 in Axes
   745 | D:2      | Reached XP level 4. HP: 12/40 MP: 3/3
  1039 | D:2      | Reached skill level 1 in Dodging
  1085 | D:2      | Reached skill level 4 in Axes
  1258 | D:2      | Found a burning altar of Makhleb.
  1270 | D:2      | Reached XP level 5. HP: 39/47 MP: 4/4
  2228 | D:4      | Noticed Sigmund
  2234 | D:4      | Killed Sigmund
  2235 | D:4      | Reached skill level 5 in Axes
  2235 | D:4      | Reached skill level 5 in Armour
  2235 | D:4      | Reached XP level 6. HP: 53/53 MP: 5/5
  2292 | D:4      | Found a one-way gate to the infinite horrors of the Abyss.
  2356 | D:4      | Found a runed translucent gate.
  2356 | D:4      | Found a runed translucent gate.
  2356 | D:4      | Found a runed translucent gate.
  2384 | D:4      | Noticed runemasterragnar's ghost (novice CoHu)
  2440 | D:4      | You fall into a shaft and drop 2 floors!
  2556 | D:6      | Noticed Pikel
  2612 | D:6      | Reached skill level 6 in Axes
  2612 | D:6      | Reached skill level 5 in Shields
  2618 | D:6      | HP: 2/55 [lemure[Pikel] (2)]
  2618 | D:6      | Slain by a lemure

Illustrated notes

Levels and vault maps discovered:
D:1:      wander_arrival_estate, layout_basic, shapermc_ecumenical_altar_venn,
          serial_shops, shop, nicolae_shop_advertising_works
          [nicolae_subvault_shop_adworks], shop, shop_scrolls,
          nicolae_shop_hallway_stairs
D:2:      layout_rooms, basic_altar
D:3:      layout_loops_ring, amethyst_killhole
D:4:      due_chaos_kobolds, layout_loops_ring, gammafunk_ghost_icy,
          roderic_roman_lattice, serial_bayou_lake_a, uniq_menkaure,
          uniq_sigmund
D:6:      layout_gridville, trog_wizard, mainiacjoe_overflow_small_starburst,
          uniq_pikel

Skill      XL: |  1  2  3  4  5  6 |
---------------+-------------------+-----
Armour         | 4 5 |  5.5
Shields        | 4 5 |  5.0
Fighting       | 4 |  4.9
Axes           | 3 4 5 6 |  6.0
Dodging        | 1 |  1.4
Stealth        | |  0.3

Action                     |  1- 3 |  4- 6 || total
---------------------------+-------+-------++-------
  Melee: War axe           |    74 |   133 ||   207
         Headbutt          |    11 |    21 ||    32
 Armour: Scale mail        |    79 |    56 ||   135
         Chain mail        |       |    84 ||    84
  Dodge: Dodged            |    37 |    54 ||    91
  Block: Buckler           |    21 |     5 ||    26
         Kite shield       |       |    67 ||    67

Table legend: (Time is in decaauts)
 A = Elapsed time spent in this place.
 B = Non-inter-level travel time spent in this place.
 C = Inter-level travel time spent in this place.
 D = Time resting spent in this place.
 E = Time spent auto-exploring this place.
 F = Levels seen in this place.
 G = Mean time per level.
                   A        B        C        D        E       F      G
               +--------+--------+--------+--------+--------+-----+--------+
         Total |   2698 |   2637 |     61 |    123 |   1621 |   5 |  539.6 |
       Dungeon |   2698 |   2637 |     61 |    123 |   1621 |   5 |  539.6 |
               +--------+--------+--------+--------+--------+-----+--------+

Top non-repeatable levels by time:
     D:3: 764 daAuts
     D:1: 764 daAuts
     D:2: 720 daAuts
     D:4: 265 daAuts
     D:6: 182 daAuts
